 Dungeon Crawl Stone Soup version 0.25-a0-890-g62861fb (webtiles) character file.

Game seed: 9015616477435024765, levelgen mode: deterministic

195 BlueFish the Covered (level 5, -1/47 HPs)
             Began as a Minotaur Fighter on May 7, 2020.
             Slain by an orc wizard
             ... wielding a +0 dagger
              (2 damage)
             ... on level 3 of the Dungeon.
             The game lasted 00:04:47 (1890 turns).

BlueFish the Covered (Minotaur Fighter)             Turns: 1890, Time: 00:04:48

Health: -1/47      AC:  7    Str: 17 (20) XL:     5   Next: 45%
Magic:  4/4        EV:  9    Int:  3 (5)  God:
Gold:   101        SH:  0    Dex:  9 (11) Spells: 4/4 levels left

rFire    . . .     SeeInvis .   a - +0 long sword
rCold    . . .     Gourm    .   (no shield)
rNeg     . . .     Faith    .   b - +0 scale mail
rPois    .         Spirit   .   (helmet restricted)
rElec    .         Reflect  .   (no cloak)
rCorr    .         Harm     .   (no gloves)
MR       .....                  (no boots)
Stlth    +.........             (no amulet)
HPRegen  0.15/turn              e - ring of stealth
MPRegen  0.09/turn              (no ring)

@: no status effects
A: retaliatory headbutt, horns 2
a: no special abilities


You were on level 3 of the Dungeon.
You were not hungry.

You visited 1 branch of the dungeon, and saw 3 of its levels.

You collected 101 gold pieces.

Inventory:

Hand Weapons
 a - a +0 long sword (weapon)
Armour
 b - a +0 scale mail (worn)
 c - a +1 kite shield
Jewellery
 e - a ring of stealth (left hand)
Potions
 d - 2 potions of might
 h - a potion of curing
Comestibles
 f - 5 rations


   Skills:
 * Level 4.7 Fighting
 * Level 4.6 Long Blades
 * Level 5.2 Armour
 + Level 1.1 Dodging
 + Level 3.7 Shields


You had 4 spell levels left.
You didn't know any spells.
Your spell library was empty.

Dungeon Overview and Level Annotations

Branches:
Dungeon (3/15)

Altars:
Nemelex Xobeh


Innate Abilities, Weirdness & Mutations

You reflexively headbutt those who attack you in melee.
You have a pair of horns on your head.


Message History

The orc wizard barely misses you.
Okay, then.
You aren't carrying any scrolls.
The orc wizard hits you but does no damage. x2
The orc wizard barely misses you. You furiously retaliate!
You headbutt the orc wizard.
You riposte.
You hit the orc wizard.
The orc wizard is moderately wounded.
Things that are here:
a +0 flail; a +0 ring mail; an orc corpse You aren't carrying any scrolls.
It was a potion of magic.
Magic courses through your body.
The orc wizard hits you but does no damage. x2
The orc wizard gestures at you while chanting.
The magic dart hits you!
* * * LOW HITPOINT WARNING * * *
It was a potion of degeneration.
There was something very wrong with that liquid.
You feel weakened.
You feel dopey.
You feel clumsy.
The orc wizard hits you with a +0 dagger.
You die...

....## #....<...........
.....# #.......#..##....
.....## ###.......#..###...
......####..............####
...##...##.........#..#.##
....###.........?.....#..
....# ###...............###
....# ##.#....o.).......#
....# #.#....@o........#
....# #.##....o........#
...## #.##.......<.....#
..## #.##................
### #................#..
###.<.....>.....#
#.........?...#
#.............(.#
#...............##


You could see 3 orc wizards.

Vanquished Creatures
  2 orc priests
  4 adders
  An ooze (D:2)
  4 leopard geckos
  9 orcs
  2 ball pythons
  3 giant cockroaches (D:1)
  8 hobgoblins
  4 jackals (D:3)
  13 kobolds
  A quokka (D:2)
  8 bats
  3 frilled lizards
  11 goblins
  5 rats
78 creatures vanquished.

Notes
Turn   | Place    | Note
-------+----------+-------------------------------------------
     0 | D:1      | BlueFish the Minotaur Fighter began the quest for the Orb.
     0 | D:1      | Reached XP level 1. HP: 19/19 MP: 0/0
   155 | D:1      | Reached XP level 2. HP: 27/27 MP: 1/1
   262 | D:1      | Reached skill level 4 in Armour
   663 | D:2      | Reached XP level 3. HP: 24/33 MP: 2/2
   905 | D:2      | Found a sparkling altar of Nemelex Xobeh.
  1089 | D:3      | Reached XP level 4. HP: 33/41 MP: 3/3
  1315 | D:2      | Reached skill level 1 in Dodging
  1453 | D:2      | Reached XP level 5. HP: 26/47 MP: 4/4
  1605 | D:3      | Reached skill level 5 in Armour
  1889 | D:3      | HP: 1/47 [orc wizard/magic dart (8)]
  1890 | D:3      | Slain by an orc wizard

Levels and vault maps discovered:
D:1:      scummos_arrival_forest, layout_loops_ring, minmay_crystal_room
D:2:      layout_rooms, first_ration, nemelex_xobeh_ov_fountains_minmay
D:3:      layout_rooms

Skill      XL: |  1  2  3  4  5 |
---------------+----------------+-----
Armour         | 4 5 |  5.2
Fighting       | 4 |  4.7
Long Blades    | 3 4 |  4.6
Dodging        | 1 |  1.1
Shields        | |  3.7

Action                   |  1- 3 |  4- 6 || total
-------------------------+-------+-------++-------
Melee: Long sword        |    90 |    65 ||   155
       Headbutt          |    16 |     9 ||    25
  Use: Scroll            |       |     8 ||     8
       Potion            |       |     2 ||     2
  Eat: Chunk             |     1 |     2 ||     3
Armor: Scale mail        |    75 |    71 ||   146
Dodge: Dodged            |    64 |    77 ||   141
       Rpst.: Long sword |    14 |    17 ||    31

Table legend:
 A = Non-vault XP
 B = Vault XP
 C = Vault XP percentage of total XP
 D = Non-vault monster count
 E = Vault monster count
 F = Vault count percentage of total count
                 A         B        C        D         E       F
            +---------+---------+-------+---------+---------+-------
      Total |     279 |       0 |   0.0 |      78 |       0 |   0.0
            +---------+---------+-------+---------+---------+-------
        D:1 |      36 |       0 |   0.0 |      21 |       0 |   0.0
        D:2 |     141 |       0 |   0.0 |      38 |       0 |   0.0
        D:3 |     102 |       0 |   0.0 |      19 |       0 |   0.0
            +---------+---------+-------+---------+---------+-------
